 Dungeon Sprint DCSS version 0.21.1-1-g345015f (webtiles) character file.

5741 doot the Unseen (level 10, -4/49 HPs)
             Began as a Spriggan Enchanter on June 15, 2018.
             Was a High Priest of Ru.
             Asphyxiated
             ... in the Dungeon (Sprint III: "The Ten Rune Challenge").
             The game lasted 00:20:14 (3035 turns).

doot the Unseen (Spriggan Enchanter)                Turns: 3035, Time: 00:20:16

Health: -4/49      AC:  2    Str:  4    XL:     10   Next: 49%
Magic:  23/29      EV: 23    Int: 20    God:    Ru [*****.]
Gold:   3571       SH:  0    Dex: 21    Spells: 18/37 levels left

rFire    . . .     SeeInvis +   a - +1 dagger
rCold    . . .     Gourm    .   (shield restricted)
rNeg     . . .     Faith    .   b - +0 robe
rPois    .         Spirit   .   (helmet restricted)
rElec    .         Reflect  .   (no cloak)
rCorr    .         Harm     .   (gloves unavailable)
MR       +....     NoTele   +   (boots unavailable)
Stlth    ++++++++..             (no amulet)
HPRegen  0.16/turn              (no ring)
MPRegen  0.21/turn              (no ring)

@: lethally poisoned (-4 -> -16), horrified, very slightly contaminated, slowed,
quick
A: very small, unfitting armour, horns 1, see invisible, agile 1, clever 1,
herbivore, speed 3, slow metabolism 2, wild magic 1, inability to use devices,
cowardly, inability to train armour
a: Draw Out Power, Power Leap, Apocalypse, Renounce Religion


You were in the Dungeon.
You worshipped Ru.
Ru was extremely pleased with you.
You were hungry.

You visited 1 branch You collected 4110 gold pieces.
You spent 539 gold pieces at shops.

Inventory:

Hand Weapons
 a - a +1 dagger (weapon)
 q - a +1 long sword of holy wrath
 u - a +1 scimitar of flaming
Missiles
 y - a curare-tipped needle
Armour
 b - a +0 robe (worn)
Scrolls
 k - 3 scrolls of identify
 m - a scroll of torment
 n - a scroll of holy word {unknown}
Potions
 f - 2 potions of heal wounds
 g - 3 potions of haste
 h - 2 potions of magic
 i - 2 potions of berserk rage
 l - 4 potions of mutation
 o - 2 potions of flight
 r - 2 potions of might
 v - a potion of brilliance
 w - 2 potions of invisibility
 x - a potion of ambrosia
 z - a potion of lignification
Books
 c - a book of Maledictions

   Spells                             Type                      Level
   a - Corona                         Hexes                        1
   b - Ensorcelled Hibernation        Hexes/Ice                    2
   c - Confuse                        Hexes                        3
   d - Tukima's Dance                 Hexes                        3
   e - Dazzling Spray                 Conjuration/Hexes            3
 p - a book of Minor Magic

   Spells                             Type                      Level
   a - Magic Dart                     Conjuration                  1
   b - Blink                          Translocation                2
   c - Call Imp                       Summoning                    2
   d - Slow                           Hexes                        2
   e - Conjure Flame                  Conjuration/Fire             3
   f - Mephitic Cloud                 Conjuration/Poison/Air       3
Miscellaneous
 t - a lightning rod (4/4)
Comestibles
 d - 13 rations


   Skills:
 + Level 4.0 Fighting
 + Level 9.3 Short Blades
 + Level 6.7 Dodging
 + Level 20.6 Stealth
 + Level 14.0 Spellcasting
 + Level 1.3 Conjurations
 + Level 13.0 Hexes
 + Level 2.4 Summonings
 + Level 5.5 Ice Magic


You had 18 spell levels left.
You knew the following spells:

 Your Spells              Type           Power        Failure   Level  Hunger
a - Corona                Hex            ######.      1%          1    None
b - Ensorcelled Hibernat  Hex/Ice        ######       1%          2    None
c - Confuse               Hex            ######..     1%          3    None
d - Tukima's Dance        Hex            ######..     1%          3    None
e - Blink                 Tloc           N/A          11%         2    None
f - Call Imp              Summ           ###.....     4%          2    None
g - Conjure Flame         Conj/Fire      ###.....     16%         3    None
h - Dazzling Spray        Conj/Hex       #####.       1%          3    None


Dungeon Overview and Level Annotations

Branches:
Dungeon (1/1)

Altars:
Cheibriados
Dithmenos
Elyvilon
Fedhas
Gozag
Hepliaklqana
Kikubaaqudgha
Makhleb
Nemelex Xobeh
Okawaru
Qazlal
Ru
Sif Muna
Trog
Uskayaw
Vehumet
Wu Jian
Xom
Yredelemnul
Zin
The Shining One
Beogh
Jiyva
Lugonu

Shops:
D !

Annotations:
D Donald, Frances


Innate Abilities, Weirdness & Mutations

You are very small and have problems with some larger weapons.
You are too small for most types of armour.
You have supernaturally acute eyesight. (SInv)
You are a herbivore.
You cover ground extremely quickly.
You need consume almost no food.
You cannot study or use magical devices.
Your cowardice makes you less effective in combat with threatening monsters.
You cannot train Armour skill.
You have a pair of small horns on your head.
You are agile. (Dex +2)
Your mind is acute. (Int +2)
Your spells are a little harder to cast, but a little more powerful.


Message History

You close the door, pushing everything out of the way.
* * * LOW HITPOINT WARNING * * *
You feel sick.
You feel better.
Frances opens the door.
You feel a twist of horror at the sight of this foe.
You close the door.
Frances opens the door.
Frances shoots a curare-tipped needle.
The curare-tipped needle hits you.
You are poisoned.
You have difficulty breathing.
* * * LOW HITPOINT WARNING * * *
You feel as though you will be slow longer.
Blink to where?
Press: ? - help, Dir - move target cursor
As you read the scroll of blinking, it crumbles to dust.
* * * LOW HITPOINT WARNING * * *
You feel sick.
Frances shoots a curare-tipped needle.
The curare-tipped needle hits you.
You are more poisoned.
You have difficulty breathing.
You die...

####### ####.##..#
___#__###...##...+
__)#)_#.........#
'###'##........##
......#........##
....).#..###...∩# #####)#..#
###..#
__#)..#'#########################
__#...#).≈≈§'.#.@..('@#.#.#.'...≈
_v#...#)#§§§#.#.#..§##.#.#.##†..≈
__#...'.#§§§#.#.#)..#/#.#.#.#...≈
__'...#.#§§§#...#)).##.#@#.##...≈
▓▓▓▓▓▓▓▓▓▓▓▓▓▓▓▓▓▓▓▓#.#.#.#.#....
##.#.#@##.... +.#.#.#.#....
##.#.#.###### ##'#####


You could see Frances.

Vanquished Creatures
  A centaur warrior (D)
  Erica (D)
  An unseen horror (D)
  2 orc knights (D)
  A deep elf mage (D)
  A queen bee (D)
  A shadow (D)
  A necrophage (D)
  2 centaurs (D)
  An earth elemental (D)
  31 killer bees (D)
  A jelly (D)
  2 orc priests (D)
  2 orc wizards (D)
  Jessica (D)
  A wizard (D)
  A necromancer (D)
  A kobold demonologist (D)
  3 humans (D)
  A phantom (D)
  12 orcs (D)
  2 rats (D)
70 creatures vanquished.

Vanquished Creatures (collateral kills)
  A killer bee (D)
1 creature vanquished.

Vanquished Creatures (others)
  2 draconian scorchers (D)
  A fire dragon (D)
  6 hellions (D)
  3 yaktaurs (D)
  An electric eel (D)
13 creatures vanquished.

Grand Total: 84 creatures vanquished

Notes
Turn   | Place    | Note
-------+----------+-------------------------------------------
     0 | D        | doot the Spriggan Enchanter began the quest for the Orb.
     0 | D        | Reached XP level 1. HP: 9/9 MP: 5/5
    21 | D        | Noticed Jessica
    30 | D        | Killed Jessica
    30 | D        | Reached skill level 6 in Stealth
    30 | D        | Reached skill level 5 in Hexes
    30 | D        | Reached XP level 2. HP: 13/13 MP: 5/7
    43 | D        | Reached skill level 7 in Stealth
    43 | D        | Reached XP level 3. HP: 16/16 MP: 6/9
    74 | D        | Learned a level 2 spell: Ensorcelled Hibernation
    78 | D        | Learned a level 3 spell: Confuse
    82 | D        | Learned a level 3 spell: Tukima's Dance
   115 | D        | Killed a hellion
   150 | D        | Killed a hellion
   150 | D        | Killed a hellion
   150 | D        | Killed a hellion
   163 | D        | Killed a hellion
   166 | D        | Killed a hellion
   256 | D        | Killed a white draconian scorcher
   284 | D        | Gained mutation: You have a pair of small horns on your head. [potion of mutation]
   284 | D        | Gained mutation: You are agile. (Dex +2) [potion of mutation]
   284 | D        | Gained mutation: Your spells are a little harder to cast, but a little more powerful. [potion of mutation]
   284 | D        | Gained mutation: Your mind is acute. (Int +2) [potion of mutation]
   287 | D        | Noticed a water elemental
   312 | D        | Found a radiant altar of Vehumet.
   313 | D        | Found a deep blue altar of Sif Muna.
   313 | D        | Found an ancient bone altar of Kikubaaqudgha.
   313 | D        | Noticed a wizard
   314 | D        | Killed a wizard
   314 | D        | Reached skill level 8 in Stealth
   314 | D        | Reached XP level 4. HP: 21/21 MP: 11/11
   316 | D        | Reached skill level 5 in Dodging
   319 | D        | Killed a yaktaur
   327 | D        | Found a glowing silver altar of Zin.
   328 | D        | Found a glowing golden altar of the Shining One.
   328 | D        | Found a white marble altar of Elyvilon.
   328 | D        | Noticed a deep elf mage
   335 | D        | Killed a white draconian scorcher
   342 | D        | Killed a deep elf mage
   342 | D        | Reached skill level 1 in Fighting
   342 | D        | Reached skill level 5 in Short Blades
   342 | D        | Reached skill level 13 in Stealth
   342 | D        | Reached XP level 5. HP: 26/26 MP: 2/16
   342 | D        | Reached XP level 6. HP: 30/30 MP: 2/18
   342 | D        | Reached XP level 7. HP: 34/34 MP: 2/19
   450 | D        | Found a hide-covered altar of Uskayaw.
   450 | D        | Found an iron altar of Okawaru.
   451 | D        | Found a roughly hewn altar of Beogh.
   451 | D        | Found a bloodstained altar of Trog.
   451 | D        | Found an ornate altar of the Wu Jian Council.
   451 | D        | Noticed a human
   451 | D        | Noticed a human
   453 | D        | Killed a human
   454 | D        | Killed a human
   454 | D        | Reached skill level 14 in Stealth
   454 | D        | Reached skill level 10 in Hexes
   467 | D        | Found a shadowy altar of Dithmenos.
   468 | D        | Found a basalt altar of Yredelemnul.
   468 | D        | Found a sacrificial altar of Ru.
   478 | D        | Became a worshipper of Ru the Awakened
   519 | D        | Noticed a shadow
   521 | D        | Killed a shadow
   521 | D        | Reached skill level 15 in Stealth
   521 | D        | Reached XP level 8. HP: 39/39 MP: 22/22
   530 | D        | Found a blossoming altar of Fedhas.
   530 | D        | Found a stormy altar of Qazlal.
   531 | D        | Found a snail-covered altar of Cheibriados.
   531 | D        | Found a burning altar of Makhleb.
   531 | D        | Found a hazy altar of Hepliaklqana.
   531 | D        | Found a shimmering altar of Xom.
   531 | D        | Found an opulent altar of Gozag.
   531 | D        | Found a sparkling altar of Nemelex Xobeh.
   531 | D        | Found a corrupted altar of Lugonu.
   531 | D        | Found a viscous altar of Jiyva.
   685 | D        | Learned a level 2 spell: Blink
   688 | D        | Learned a level 2 spell: Call Imp
   692 | D        | Learned a level 3 spell: Conjure Flame
   696 | D        | Learned a level 3 spell: Dazzling Spray
   701 | D        | Noticed Erica
   704 | D        | Killed Erica
   704 | D        | Reached skill level 16 in Stealth
   719 | D        | Noticed an orc knight
   721 | D        | Noticed an orc knight
   761 | D        | Killed an orc knight
   761 | D        | Reached skill level 17 in Stealth
   761 | D        | Reached skill level 1 in Summonings
   761 | D        | Reached skill level 1 in Evocations
   761 | D        | Reached XP level 9. HP: 30/43 MP: 12/25
   814 | D        | Killed an orc knight
   955 | D        | Gained mutation: Your cowardice makes you less effective in combat with threatening monsters. [Ru sacrifice]
   955 | D        | Reached * piety under Ru
  1018 | D        | Killed a yaktaur
  1042 | D        | Reached skill level 18 in Stealth
  1273 | D        | Found Puycoc's Distillery.
  1280 | D        | Bought a potion of haste for 110 gold pieces
  1280 | D        | Bought a potion of brilliance for 44 gold pieces
  1280 | D        | Bought a potion of invisibility for 88 gold pieces
  1280 | D        | Bought a potion of flight for 33 gold pieces
  1280 | D        | Bought a potion of ambrosia for 88 gold pieces
  1280 | D        | Bought a potion of lignification for 33 gold pieces
  1280 | D        | Bought a potion of heal wounds for 55 gold pieces
  1280 | D        | Bought a potion of invisibility for 88 gold pieces
  1315 | D        | Gained mutation: You cannot train Armour skill. [Ru sacrifice]
  1315 | D        | Reached ** piety under Ru
  2018 | D        | Noticed a centaur warrior
  2021 | D        | Killed a centaur warrior
  2045 | D        | Noticed an unseen horror
  2047 | D        | Killed an unseen horror
  2047 | D        | Reached skill level 19 in Stealth
  2047 | D        | Reached skill level 1 in Conjurations
  2047 | D        | Reached skill level 5 in Ice Magic
  2047 | D        | Reached XP level 10. HP: 49/49 MP: 28/28
  2301 | D        | Reached skill level 20 in Stealth
  2302 | D        | Gained mutation: You cannot study or use magical devices. [Ru sacrifice]
  2302 | D        | Reached *** piety under Ru
  2302 | D        | Reached **** piety under Ru
  2302 | D        | Reached ***** piety under Ru
  2515 | D        | Killed a fire dragon
  2725 | D        | Noticed Donald
  2725 | D        | Noticed Frances
  2731 | D        | Noticed a soul eater
  3035 | D        | Asphyxiated

Skill      XL: |  1  2  3  4  5  6  7  8  9 10 |
---------------+-------------------------------+-----
Spellcasting   | 3 4 8 9 11 13 14 | 14.0
Hexes          | 5 6 9 10 11 12 13 | 13.0
Dodging        | 4 5 6 |  6.7
Stealth        | 6 7 8 13 15 17 19 20 | 20.6
Short Blades   | 2 5 7 8 9 |  9.3
Fighting       | 1 2 3 4 |  4.0
Ice Magic      | 2 3 4 5 |  5.5
Summonings     | 1 2 |  2.4
Evocations     | 1 0 |  0.0
Conjurations   | 1 |  1.3

Action                   |  1- 3 |  4- 6 |  7- 9 | 10-12 || total
-------------------------+-------+-------+-------+-------++-------
Melee: Dagger            |    12 |    10 |   146 |    61 ||   229
       Headbutt          |       |       |    36 |     8 ||    44
 Cast: Ensorcelled Hiber |     5 |     2 |    23 |    33 ||    63
       Confuse           |     1 |     2 |     5 |    11 ||    19
       Call Imp          |       |       |     6 |       ||     6
       Dazzling Spray    |       |       |     7 |     1 ||     8
       Conjure Flame     |       |       |       |     1 ||     1
Invok: Sacrifice Courage |       |       |     1 |       ||     1
       Sacrifice Durabil |       |       |     1 |       ||     1
       Sacrifice Artific |       |       |       |     1 ||     1
       Reject Sacrifices |       |       |       |     1 ||     1
Evoke: Wand              |       |       |     1 |       ||     1
  Use: Scroll            |     2 |       |       |     1 ||     3
       Potion            |     1 |       |       |     1 ||     2
 Stab: Sleeping          |     6 |     2 |    25 |    22 ||    55
       Confused          |     1 |     1 |     3 |     9 ||    14
       Distracted        |       |       |     1 |       ||     1
       Invisible         |       |       |       |     1 ||     1
Armor: Robe              |       |       |       |     2 ||     2
Dodge: Dodged            |     6 |     2 |    46 |    43 ||    97
